 Dungeon Crawl Stone Soup version 0.24-a0-22-g2a401c0 (webtiles) character file.

Game seed: 7707487417671218969

1529 Lanoc the Cudgeler (level 8, 0/120 HPs)
             Began as a Troll Chaos Knight on Feb 1, 2019.
             Was a Plaything of Xom.
             Slain by an orc
             ... wielding a +0 club
              (6 damage)
             ... on level 6 of the Dungeon.
             The game lasted 00:13:27 (4445 turns).

Lanoc the Cudgeler (Troll Chaos Knight)             Turns: 4445, Time: 00:13:28

Health: 0/120      AC:  7    Str: 30    XL:     8   Next: 55%
Magic:  7/7        EV: 10    Int:  6    God:    Xom [....*.]
Gold:   233        SH:  3    Dex:  5    Spells: 7/7 levels left

rFire    . . .     SeeInvis .   a - +0 mace (chaos)
rCold    . . .     Gourm    +   (no shield)
rNeg     . . .     Faith    .   b - +2 robe
rPois    .         Spirit   .   (helmet restricted)
rElec    .         Reflect  +   (no cloak)
rCorr    .         Harm     .   (gloves unavailable)
MR       .....                  (boots unavailable)
Stlth    ..........             n - +3 amulet of reflection
HPRegen  0.70/turn              o - ring of attention (curse)
MPRegen  0.10/turn              m - +4 ring of slaying

@: berserking, very quick
A: large, unfitting armour, claws 3, clumsy 2, deformed body, dopey 1, fast
metabolism 3, gourmand, regeneration 1, shaggy fur 1, strong 1, tough skin 3, no
potion heal 1
a: Renounce Religion


You were on level 6 of the Dungeon.
You worshipped Xom.
You were a beloved toy of Xom.
You were completely stuffed.

You visited 2 branches of the dungeon, and saw 7 of its levels.
You also visited: Ossuary.

You collected 233 gold pieces.

Inventory:

Hand Weapons
 a - a +0 mace of chaos (weapon)
Armour
 b - a +2 robe (worn)
Jewellery
 j - a +2 ring of evasion
 m - a +4 ring of slaying (right claw)
 n - a +3 amulet of reflection (around neck)
 o - a cursed ring of attention (left claw)
Wands
 i - a wand of flame (19)
 q - a wand of clouds (4)
 w - a wand of iceblast (8)
Scrolls
 f - 2 scrolls of enchant armour
 h - a scroll of brand weapon
 t - a scroll of enchant weapon
 u - a scroll of teleportation
 y - a scroll of identify
Potions
 d - a potion of berserk rage
 g - a potion of ambrosia
 k - 2 potions of flight
 l - a potion of cancellation
 p - a potion of lignification
 s - a potion of mutation
 v - a potion of might
 x - 2 potions of magic
 z - a potion of resistance
Comestibles
 c - 10 rations
 r - a chunk of flesh


   Skills:
 + Level 5.0 Fighting
 * Level 7.5 Maces & Flails
 + Level 4.8 Dodging


You had 7 spell levels left.
You didn't know any spells.
Your spell library was empty.

Dungeon Overview and Level Annotations

Branches:
Dungeon (6/15)             Temple (1/1) D:6

Altars:
Ashenzari
Cheibriados
Dithmenos
Elyvilon
Hepliaklqana
Kikubaaqudgha
Makhleb
Nemelex Xobeh
Okawaru
Qazlal
Ru
Sif Muna
Trog
Uskayaw
Vehumet
Wu Jian
Xom
Yredelemnul
Zin
The Shining One

Annotations:
Abyss:1 Grinder


Innate Abilities, Weirdness & Mutations

You are too large for most types of armour.
You have claws for hands.
Your metabolism is lightning-fast.
You like to eat raw meat.
Your natural rate of healing is unusually fast.
You are covered in fur. (AC +1)
You have extremely tough skin. (AC +3)
You are very clumsy. (Dex -4)
Armour fits poorly on your strangely shaped body.
You are dopey. (Int -2)
Your muscles are strong. (Str +2)
Potions are less effective at restoring your health.


Message History

The orc warrior is lightly wounded.
The orc misses you.
The orc warrior hits you with a +0 glaive!!
* * * LOW HITPOINT WARNING * * *
Unknown command.
Your system partially rejects the healing.
You feel better.
Your orc zombie hits the centaur skeleton from afar with a +0 trident.
The orc hits you but does no damage.
A red film seems to cover your vision as you go berserk!
You feel yourself moving faster!
You feel mighty!
The orc warrior hits you with a +0 glaive!!
* * * LOW HITPOINT WARNING * * *
Xom roars with laughter!
Your orc zombie hits the centaur skeleton from afar with a +0 trident.
You hit the orc warrior.
You feel better.
The orc warrior is moderately wounded.
The orc hits you with a +0 club.
You die...
Xom is highly amused!

###### #..Z.####
#.##.#.Z. #..#.#.##
######## ##Z#.Z..#
###.#ZoZ...######.###..#
......o@..............PP
###.#####.........###.P.
##.######## #.PP ###
#... . #.PP ####%
####### #.P. ......
#.....# #.PP #.....##+
#####.# #.P. #.#......##
#.# #.P.


You could see an orc warrior, an orc, a centaur skeleton and a friendly orc
zombie.

Vanquished Creatures
  A water moccasin (D:5)
  A swamp drake (D:5)
  An ice beast (D:5)
  An ogre (D:5)
  A phantom (D:5)
  2 bullfrogs (D:5)
  A water moccasin zombie (Ossuary)
  A jelly (D:6)
  A centaur zombie (D:4)
  A crimson imp (D:6)
  An orc wizard (D:5)
  2 iguanas
  3 worker ants
  3 big kobold zombies (Ossuary)
  2 hound skeletons
  Robin (D:3)
  2 mummies (Ossuary)
  2 worker ant zombies
  2 gnolls (D:4)
  10 adders
  6 adder zombies
  An ooze (D:1)
  An adder skeleton (D:5)
  A worm (D:4)
  5 dart slugs
  A leopard gecko (D:4)
  11 orcs
  A ball python (D:2)
  8 giant cockroaches
  2 gnoll zombies (Ossuary)
  11 goblins
  11 hobgoblins
  18 jackals
  6 kobolds
  5 quokkas
  5 bats
  8 frilled lizards
  4 hobgoblin zombies (Ossuary)
  A jackal skeleton (D:6)
  4 kobold zombies (Ossuary)
  8 orc zombies (Ossuary)
  7 rats
164 creatures vanquished.

Vanquished Creatures (collateral kills)
  An orc wizard (D:3)
  A worm (D:3)
  3 orcs (D:3)
  3 goblins (D:3)
  2 hobgoblins (D:3)
  A bat (D:3)
  A frilled lizard (D:1)
12 creatures vanquished.

Grand Total: 176 creatures vanquished

Notes
Turn   | Place    | Note
-------+----------+-------------------------------------------
     0 | D:1      | Lanoc the Troll Chaos Knight began the quest for the Orb.
     0 | D:1      | Reached XP level 1. HP: 22/22 MP: 0/0
    74 | D:1      | Reached skill level 3 in Maces & Flails
    76 | D:1      | Reached XP level 2. HP: 28/29 MP: 1/1
    80 | D:1      | XOM: harmless Pois miscast
   271 | D:1      | Reached XP level 3. HP: 32/36 MP: 2/2
   305 | D:1      | XOM: cast spell 'Summon Butterflies'
   535 | D:1      | XOM: give mutations
   535 | D:1      | Gained mutation: Your muscles are strong. (Str +2) [Xom's
                  | grace]
   535 | D:1      | Gained mutation: You have supernaturally acute eyesight.
                  | (SInv) [Xom's grace]
   629 | D:1      | XOM: divination: detect items
   846 | D:2      | XOM: cloud trail
  1033 | D:2      | Reached XP level 4. HP: 44/44 MP: 3/3
  1114 | D:2      | XOM: mild Chrm miscast
  1407 | D:2      | XOM: noise
  1666 | D:3      | XOM: potion effect (berserk rage)
  1675 | D:3      | Reached skill level 4 in Maces & Flails
  1764 | D:3      | XOM: chaos upgrade
  1770 | D:3      | Noticed Robin
  1785 | D:3      | Killed Robin
  1789 | D:3      | Reached XP level 5. HP: 43/53 MP: 4/4
  1789 | D:3      | Noticed Grinder
  1806 | D:3      | Paralysed by Grinder for 4 turns
  1811 | D:3      | Banished Grinder
  1811 | D:3      | Reached skill level 5 in Maces & Flails
  1811 | D:3      | Reached XP level 6. HP: 39/61 MP: 5/5
  1850 | D:3      | XOM: give mutations
  1850 | D:3      | Gained mutation: You are clumsy. (Dex -2) [Xom's mischief]
  1850 | D:3      | Gained mutation: Potions are less effective at restoring
                  | your health. [Xom's mischief]
  1850 | D:3      | Gained mutation: You passively map a small area around you.
                  | [Xom's mischief]
  1869 | D:3      | XOM: harmless Fire miscast
  2056 | D:3      | XOM: give mutations
  2056 | D:3      | Gained mutation: You are dopey. (Int -2) [Xom's mischief]
  2056 | D:3      | Lost mutation: You are clumsy. (Dex -2) [Xom's mischief]
  2056 | D:3      | Gained mutation: You are clumsy. (Dex -2) [Xom's mischief]
  2056 | D:3      | Gained mutation: You are very clumsy. (Dex -4) [Xom's
                  | mischief]
  2185 | D:4      | XOM: confusion (+ monsters)
  2187 | D:4      | XOM: swap monsters
  2194 | D:4      | XOM: cleaving
  2307 | D:4      | XOM: give mutations
  2307 | D:4      | Lost mutation: You have supernaturally acute eyesight.
                  | (SInv) [Xom's mischief]
  2307 | D:4      | Gained mutation: Armour fits poorly on your strangely
                  | shaped body. [Xom's mischief]
  2307 | D:4      | Lost mutation: You passively map a small area around you.
                  | [Xom's mischief]
  2309 | D:4      | Found an iron altar of Okawaru.
  2482 | D:4      | Found an ancient bone altar of Kikubaaqudgha.
  2574 | D:4      | XOM: medium Ice miscast
  2727 | D:4      | Found a sand-covered staircase.
  2732 | Ossuary  | Entered an ossuary
  2809 | Ossuary  | XOM: harmless Necr miscast
  2817 | Ossuary  | Reached XP level 7. HP: 68/68 MP: 6/6
  3024 | D:4      | XOM: god gift: 2 scrolls labeled VINICL LINLALUD {god gift}
  3152 | D:5      | Entered Level 5 of the Dungeon
  3166 | D:5      | XOM: noise
  3169 | D:5      | XOM: mild Hex miscast
  3171 | D:5      | XOM: chaos upgrade
  3174 | D:5      | XOM: polymorph centaur -> water moccasin
  3185 | D:5      | Reached skill level 6 in Maces & Flails
  3364 | D:5      | XOM: silly message
  3382 | D:5      | Reached XP level 8. HP: 79/79 MP: 7/7
  3525 | D:5      | XOM: 3-stop teleportation journey
  3540 | D:5      | XOM: summons 4 hostile demons
  3791 | D:6      | XOM: stealth player
  3798 | D:5      | XOM: smoke on damage
  3888 | D:5      | XOM: mild Fire miscast
  3965 | D:6      | Found a snail-covered altar of Cheibriados.
  3965 | D:6      | Found a glowing silver altar of Zin.
  3965 | D:6      | Found a basalt altar of Yredelemnul.
  3965 | D:6      | XOM: 6-stop teleportation journey
  3966 | D:6      | Reached skill level 7 in Maces & Flails
  3972 | D:6      | XOM: noise
  4044 | D:6      | Reached skill level 5 in Fighting
  4113 | D:6      | Found a staircase to the Ecumenical Temple.
  4122 | Temple   | Entered the Ecumenical Temple
  4186 | Temple   | XOM: noise
  4308 | D:6      | XOM: confusion (+ monsters)
  4329 | D:6      | XOM: noise
  4444 | D:6      | HP: 1/120 [orc warrior/+0 glaive (25)]
  4445 | D:6      | Slain by an orc

Vault maps used:
D:1:      dpeg_arrival_morbid_curiosity, minivault_19
D:3:      uniq_robin, uniq_grinder, uniq_jessica
D:4:      cheibrodos_old_hovel, lemuel_doored_altar, nicolae_ossuary_entry_plus,
          first_ration, okawaru_altar_gauntlet_db
D:5:      minmay_misc_feat_diagonals
D:6:      nicolae_overflow_hidden_temple, minmay_temple_entry_poolview,
          minmay_hedge_maze, grunt_ministairs_8
Temple:   regret_index_temple_sphere_string
Ossuary:  ossuary_tomb_2

Skill      XL: |  1  2  3  4  5  6  7  8 |
---------------+-------------------------+-----
Dodging        | 2 3 4 |  4.8
Maces & Flails | 3 4 5 6 7 |  7.5
Fighting       | 3 4 5 |  5.0

Action                   |  1- 3 |  4- 6 |  7- 9 || total
-------------------------+-------+-------+-------++-------
Melee: Mace              |   120 |   186 |   206 ||   512
  Use: Scroll            |       |       |    20 ||    20
       Potion            |       |       |     6 ||     6
 Stab: Confused          |       |     2 |       ||     2
       Paralysed         |       |     1 |     1 ||     2
       Petrifying        |       |       |     1 ||     1
       Petrified         |       |       |     1 ||     1
  Eat: Chunk             |    15 |    15 |    18 ||    48
Armor: Robe              |    72 |    73 |   143 ||   288
Dodge: Dodged            |    88 |   122 |   141 ||   351
Block: Other             |       |     2 |    47 ||    49
       Reflection        |       |       |     1 ||     1

Table legend:
 A = Non-vault XP
 B = Vault XP
 C = Vault XP percentage of total XP
 D = Non-vault monster count
 E = Vault monster count
 F = Vault count percentage of total count
                 A         B        C        D         E       F
            +---------+---------+-------+---------+---------+-------
      Total |    1625 |     560 |  25.6 |     125 |      52 |  29.4
            +---------+---------+-------+---------+---------+-------
        D:1 |      61 |       7 |  10.3 |      31 |       4 |  11.4
        D:2 |      33 |       0 |   0.0 |      19 |       0 |   0.0
        D:3 |     129 |     273 |  67.9 |      27 |      12 |  30.8
        D:4 |     110 |      51 |  31.7 |      10 |       7 |  41.2
        D:5 |    1067 |       0 |   0.0 |      26 |       0 |   0.0
        D:6 |     225 |       0 |   0.0 |      12 |       0 |   0.0
    Ossuary |       0 |     229 | 100.0 |       0 |      29 | 100.0
            +---------+---------+-------+---------+---------+-------
